AoeStats
← Colon Master

Arabia

510015506Analyzed
1v1 RM · 5d ago on Sep 29, 2026· 45m 18s· 2 players
Game mode
Random Map
Map size
Tiny (2 player)
Population
200
Speed
Normal
Resources
Standard
Victory
Conquest
Starting age
Dark Age
Ending age
Imperial Age
RankedLock teamsTeams togetherTeam positionsShared explorationLock speedFull tech treeHidden civsTurbo modeCheats
Victory
Defeat
🇦🇷 Mongols · Argentina
563
+18
🇺🇸 Koreans · United States
613
-29
Colon Master
7:15 Loom
9:43 Loom
11:28 Feudal Age
13:41 Double-Bit Axe
14:45 Horse Collar
19:28 Fletching
21:16 Bloodlines
24:20 Castle Age
22:55 Gold Mining
23:33 Fletching
24:00 Padded Archer Armor
27:04 Bow Saw
32:33 Imperial Age
31:36 Bodkin Arrow
35:03 Bracer
37:28 Bloodlines
37:48 Scale Barding Armor
38:59 Cavalier
Chuckles
10:26 Feudal Age
17:47 Loom
24:04 Double-Bit Axe
31:21 Castle Age
31:44 Fletching
32:07 Forging
31:58 Scale Mail Armor
33:06 Pikeman
38:24 Bow Saw
38:28 Elite Skirmisher
40:53 Thumb Ring
Connection lost

Rejoining the realm…

Still unreachable

The connection could not be restored.

Session expired

The server has moved on; the page needs a fresh start.